 Dungeon Crawl Stone Soup version 0.21.1-1-g345015f (webtiles) character file.

4496 vatarom the Zephyrmancer (level 10, -3/71 HPs)
             Began as a Barachi Air Elementalist on Mar 3, 2018.
             Was a Believer of Vehumet.
             Slain by a warg (12 damage)
             ... on level 9 of the Dungeon.
             The game lasted 00:23:09 (10772 turns).

vatarom the Zephyrmancer (BaAE)                    Turns: 10772, Time: 00:23:10

Health: -3/71      AC:  9    Str: 12    XL:     10   Next: 38%
Magic:  5/22       EV: 14    Int: 17    God:    Vehumet [**....]
Gold:   288        SH:  5    Dex: 15    Spells: 8/25 levels left

rFire    + . .     SeeInvis .   k - +2 whip (drain)
rCold    . . .     Gourm    .   j - +2 buckler
rNeg     + . .     Faith    .   z - +2 leather armour {MR+}
rPois    .         Spirit   .   C - +0 helmet of the Curious Nights {rF+ MR+++ Str-5 Dex+2}
rElec    .         Reflect  .   (no cloak)
rCorr    .         Harm     .   (no gloves)
MR       +++++                  h - +0 pair of boots
Stlth    ++........             (no amulet)
HPRegen  0.21/turn              o - ring of wizardry
MPRegen  0.18/turn              l - ring "Veonk" {rN+ Str+6 Slay-3}

@: swift (expiring), can't hop, very slightly contaminated, invisible, quick
A: +LOS, swims, iridescent scales 1, magic resistance 1, slowness 1, strong legs
1
a: Hop, Renounce Religion


You were on level 9 of the Dungeon.
You worshipped Vehumet.
Vehumet was pleased with you.
You were hungry.

You visited 2 branches of the dungeon, and saw 10 of its levels.

You collected 468 gold pieces.
You spent 180 gold pieces at shops.

Inventory:

Hand Weapons
 k - a +2 whip of draining (weapon)
Armour
 h - a +0 pair of boots (worn)
 j - a +2 buckler (worn)
 z - a +2 leather armour of magic resistance (worn)
 C - the +0 helmet of the Curious Nights (worn) {rF+ MR+++ Str-5 Dex+2}
   (You found it on level 8 of the Dungeon)

   It affects your strength (-5).
   It affects your dexterity (+2).
   It protects you from fire.
   It affects your resistance to hostile enchantments.
Jewellery
 i - an uncursed ring of resist corrosion
 l - the ring "Veonk" (right hand) {rN+ Str+6 Slay-3}
   (You bought it in a shop on level 8 of the Dungeon)

   [ring of positive energy]

   It affects your strength (+6).
   It affects your accuracy and damage with ranged weapons and melee attacks
   (-3).
   It protects you from negative energy.
 o - a ring of wizardry (left hand)
 x - an uncursed ring of stealth
Wands
 n - a wand of disintegration (9)
Scrolls
 a - a scroll of identify
 f - 8 scrolls of remove curse
 w - 2 scrolls of fog
 y - a scroll of enchant armour
Potions
 e - 2 potions of invisibility
 g - a potion of flight
 m - a potion of cancellation {unknown}
 p - a potion of degeneration {unknown}
 q - 2 potions of haste
 r - a potion of lignification {unknown}
 s - 2 potions of mutation
 t - 3 potions of magic {unknown}
 u - 2 potions of heal wounds {unknown}
 v - a potion of resistance {unknown}
 B - 2 potions of might {unknown}
Books
 b - a book of Air

   Spells                             Type                      Level
   a - Shock                          Conjuration/Air              1
   b - Swiftness                      Charms/Air                   2
   c - Static Discharge               Conjuration/Air              3
   d - Airstrike                      Air                          4
   e - Lightning Bolt                 Conjuration/Air              5
 A - a book of Enchantments

   Spells                             Type                      Level
   a - Cause Fear                     Hexes                        4
   b - Yara's Violent Unravelling     Hexes/Transmutation          5
   c - Silence                        Hexes/Air                    5
   d - Deflect Missiles               Charms/Air                   6
   e - Discord                        Hexes                        8
Comestibles
 c - 5 rations
 D - 5 chunks of flesh


   Skills:
 * Level 3.9 Fighting
 - Level 6.0 Dodging
 - Level 1.7 Stealth
 * Level 8.1 Spellcasting
 + Level 7.3 Conjurations
 + Level 10.1 Air Magic


You had 8 spell levels left.
You knew the following spells:

 Your Spells              Type           Power        Failure   Level  Hunger
a - Shock                 Conj/Air       ####         1%          1    None
b - Swiftness             Chrm/Air       ###.....     1%          2    None
c - Static Discharge      Conj/Air       #####...     1%          3    #......
d - Airstrike             Air            #####.....   1%          4    ###....
e - Lightning Bolt        Conj/Air       #####.....   7%          5    #####..
f - Animate Skeleton      Necr           N/A          9%          1    None
g - Magic Dart            Conj           ####         1%          1    None


Dungeon Overview and Level Annotations

Branches:
Dungeon (9/15)             Temple (1/1) D:5            Lair (0/6) D:9
    Orc: D:9-12

Altars:
Ashenzari
Cheibriados
Dithmenos
Fedhas
Gozag
Hepliaklqana
Kikubaaqudgha
Makhleb
Nemelex Xobeh
Okawaru
Qazlal
Ru
Sif Muna
Trog
Uskayaw
Vehumet
Wu Jian
Xom
Yredelemnul
Zin
The Shining One

Shops:
D:8 *

Annotations:
D:5 derrymb's ghost, novice MiFi


Innate Abilities, Weirdness & Mutations

Shadows flee at your approach. (+LOS)
You can swim through water.
You cover ground slowly.
You can hop short distances.
You are partially covered in iridescent scales. (AC +2)
You are resistant to hostile enchantments. (MR+)


Message History

The lightning arcs!
The warg is struck by lightning.
The warg is heavily wounded.
The lightning grounds out.
The centaur warrior shoots an arrow.
The arrow hits you!
* * * LOW HITPOINT WARNING * * *
The warg bites you.
* * * LOW HITPOINT WARNING * * *
The centaur warrior shoots an arrow.
You block the arrow.
You feel better. The warg bites you.
* * * LOW HITPOINT WARNING * * *
The centaur warrior shoots an arrow.
The arrow hits you.
* * * LOW HITPOINT WARNING * * *
You hear a horrible gurgling sound!
Unknown command.
It was a potion of mutation.
You feel extremely strange.
Iridescent scales grow over part of your body.
You feel resistant to hostile enchantments.
The warg bites you but does no damage.
The centaur warrior shoots an arrow.
The arrow closely misses you.
The arrow hits the warg!
The warg bites you!
You die...

.# .# .#
################.#
#(...)cou.)u†....#
#§###############.
#c#.............
#§###<..####...#
#@#.....#..+...#
#####h#.##..#.##...#
###...§§§.##..#.##...#
#.........##..#.##...#
#.........##..#.##...#
#.._......##.....+...#
#..........###.#.##...#
#..........# #.....<..#
#.####.....#####.######


You could see a centaur warrior and a warg.

Vanquished Creatures
  A two-headed ogre (D:8)
  A spriggan (D:8)
  A shadow (D:9)
  Eustachio (D:6)
  A warg (D:9)
  Menkaure (D:5)
  A water moccasin (D:5)
  An orc warrior (D:9)
  Duvessa (D:6)
  A phantom (D:6)
  3 ogres
  5 centaurs
  A crocodile (D:7)
  Dowan (D:6)
  2 bullfrogs (D:7)
  3 scorpions (D:8)
  A water moccasin skeleton (D:8)
  4 wights (D:7)
  A howler monkey (D:6)
  An electric eel (D:7)
  A centaur zombie (D:8)
  4 crimson imps
  3 hounds
  A quasit (D:9)
  4 bullfrog zombies
  6 orc wizards
  4 centaur skeletons
  An orc priest (D:3)
  4 jellies
  3 bullfrog skeletons
  Terence (D:3)
  An iguana (D:5)
  5 worker ants
  3 killer bee zombies (D:5)
  A hound skeleton (D:5)
  A howler monkey zombie (D:6)
  3 worker ant zombies (D:5)
  9 adders
  7 gnolls
  A shadow imp (D:8)
  2 oozes (D:1)
  An adder skeleton (D:5)
  4 worms
  A dart slug (D:1)
  5 leopard geckos
  14 orcs
  2 ball pythons
  5 giant cockroaches
  8 goblins
  4 hobgoblins
  3 jackals (D:6)
  10 kobolds
  5 quokkas
  7 bats
  7 frilled lizards
  2 goblin skeletons (D:4)
  5 hobgoblin zombies (D:4)
  A jackal skeleton (D:5)
  A kobold zombie (D:4)
  An orc skeleton (D:4)
  A quokka skeleton (D:5)
  9 rats
193 creatures vanquished.

Vanquished Creatures (collateral kills)
  An adder (D:9)
1 creature vanquished.

Grand Total: 194 creatures vanquished

Notes
Turn   | Place    | Note
-------+----------+-------------------------------------------
     0 | D:1      | vatarom the Barachi Air Elementalist began the quest for the Orb.
     0 | D:1      | Reached XP level 1. HP: 13/13 MP: 3/3
   140 | D:1      | Reached XP level 2. HP: 19/20 MP: 0/5
   148 | D:1      | Learned a level 2 spell: Swiftness
   623 | D:1      | Reached skill level 1 in Fighting
   819 | D:1      | Reached XP level 3. HP: 26/26 MP: 0/6
  1111 | D:1      | Learned a level 3 spell: Static Discharge
  1221 | D:1      | Reached skill level 4 in Air Magic
  1523 | D:2      | Reached XP level 4. HP: 33/33 MP: 1/8
  1858 | D:2      | Found a snail-covered altar of Cheibriados.
  2386 | D:3      | Reached XP level 5. HP: 36/38 MP: 3/9
  2601 | D:3      | Noticed Terence
  2646 | D:3      | Killed Terence
  2888 | D:3      | Found a stormy altar of Qazlal.
  2893 | D:3      | Found a hazy altar of Hepliaklqana.
  2927 | D:3      | Found a burning altar of Makhleb.
  2933 | D:3      | Found a sacrificial altar of Ru.
  3106 | D:3      | Reached skill level 5 in Air Magic
  3579 | D:3      | Reached XP level 6. HP: 27/46 MP: 3/10
  3698 | D:3      | Learned a level 4 spell: Airstrike
  4506 | D:4      | Reached skill level 6 in Air Magic
  4609 | D:4      | Reached XP level 7. HP: 52/52 MP: 12/12
  4610 | D:4      | Found a glowing golden altar of the Shining One.
  4852 | D:4      | Found an ornate altar of the Wu Jian Council.
  5126 | D:4      | Got a transparent whip
  5127 | D:4      | Identified the +12 whip "Xoxt" {antimagic, rC++ Int+3 SInv Stlth-} (You found it on level 4 of the Dungeon)
  5172 | D:5      | Entered Level 5 of the Dungeon
  5474 | D:5      | Found a shattered altar of Ashenzari.
  5715 | D:5      | Reached skill level 7 in Air Magic
  5719 | D:5      | Reached XP level 8. HP: 18/58 MP: 2/14
  5859 | D:5      | Noticed Menkaure
  6230 | D:5      | Learned a level 5 spell: Lightning Bolt
  6358 | D:5      | Killed Menkaure
  6358 | D:5      | Reached skill level 5 in Spellcasting
  6500 | D:5      | Noticed derrymb's ghost (novice MiFi)
  6530 | D:5      | Reached skill level 5 in Conjurations
  6530 | D:5      | Reached skill level 8 in Air Magic
  6678 | D:5      | Found a staircase to the Ecumenical Temple.
  6683 | Temple   | Entered the Ecumenical Temple
  6730 | Temple   | Became a worshipper of Vehumet
  6823 | D:5      | Learned a level 1 spell: Animate Skeleton
  7555 | D:6      | Noticed Duvessa
  7565 | D:6      | Noticed Dowan
  7577 | D:6      | Killed Duvessa
  7681 | D:6      | Killed Dowan
  7893 | D:6      | Reached skill level 9 in Air Magic
  7893 | D:6      | Reached XP level 9. HP: 52/63 MP: 5/17
  8264 | D:6      | Noticed Eustachio
  8269 | D:6      | Killed Eustachio
  8269 | D:6      | Reached * piety under Vehumet
  8269 | D:6      | Offered knowledge of Freeze by Vehumet.
  9399 | D:8      | Found a shimmering altar of Xom.
  9400 | D:8      | Found a shimmering altar of Xom.
  9401 | D:8      | Found a shimmering altar of Xom.
  9405 | D:8      | Got a faintly glowing helmet
  9416 | D:8      | Identified the +0 helmet of the Curious Nights {rF+ MR+++ Str-5 Dex+2} (You found it on level 8 of the Dungeon)
  9498 | D:8      | Offered knowledge of Magic Dart by Vehumet.
  9510 | D:8      | Learned a level 1 spell: Magic Dart
  9546 | D:8      | Found a shimmering altar of Xom.
  9546 | D:8      | Found a shimmering altar of Xom.
  9546 | D:8      | Found a shimmering altar of Xom.
  9546 | D:8      | Found a shimmering altar of Xom.
  9547 | D:8      | Found a shimmering altar of Xom.
  9589 | D:8      | Found a shimmering altar of Xom.
  9636 | D:8      | Found an opulent altar of Gozag.
  9653 | D:8      | Reached ** piety under Vehumet
  9654 | D:8      | Noticed a two-headed ogre
 10021 | D:8      | Reached skill level 5 in Dodging
 10119 | D:8      | Killed a two-headed ogre
 10119 | D:8      | Reached skill level 10 in Air Magic
 10119 | D:8      | Reached XP level 10. HP: 19/70 MP: 7/21
 10390 | D:8      | Found Pamm's Assorted Antiques.
 10404 | D:8      | Bought a clouded amber ring for 180 gold pieces
 10405 | D:8      | Identified the ring "Veonk" {rN+ Str+6 Slay-3} (You bought it in a shop on level 8 of the Dungeon)
 10612 | D:9      | Found an ornate altar of the Wu Jian Council.
 10734 | D:9      | Found a staircase to the Lair.
 10734 | D:9      | Noticed a centaur warrior
 10735 | D:9      | Noticed a red ugly thing
 10772 | D:9      | Gained mutation: You are partially covered in iridescent scales. (AC +2) [potion of mutation]
 10772 | D:9      | Gained mutation: You are resistant to hostile enchantments. (MR+) [potion of mutation]
 10772 | D:9      | Slain by a warg

Skill      XL: |  1  2  3  4  5  6  7  8  9 10 |
---------------+-------------------------------+-----
Fighting       | 1 2 3 |  3.9
Air Magic      | 4 5 6 7 9 10 | 10.1
Conjurations   | 2 3 4 5 7 |  7.3
Spellcasting   | 3 4 5 7 8 |  8.1
Dodging        | 6 |  6.0
Stealth        | |  1.7

Action                   |  1- 3 |  4- 6 |  7- 9 | 10-12 || total
-------------------------+-------+-------+-------+-------++-------
Melee: Dagger            |     6 |       |       |       ||     6
       Whip              |    18 |    49 |   172 |    10 ||   249
       Unarmed           |       |       |     4 |       ||     4
 Cast: Shock             |    64 |    83 |    63 |     3 ||   213
       Swiftness         |     1 |     1 |     1 |     1 ||     4
       Static Discharge  |       |    15 |    59 |     9 ||    83
       Airstrike         |       |     6 |    38 |     2 ||    46
       Lightning Bolt    |       |       |    14 |     2 ||    16
       Animate Skeleton  |       |       |       |     2 ||     2
 Abil: Hop               |     4 |     1 |     3 |     1 ||     9
Evoke: Wand              |       |       |     2 |     2 ||     4
  Use: Scroll            |     4 |     5 |    10 |     1 ||    20
       Potion            |       |     1 |     3 |     3 ||     7
 Stab: Sleeping          |       |     2 |     4 |       ||     6
  Eat: Chunk             |     3 |     9 |     6 |     3 ||    21
       Ration            |       |     3 |     6 |       ||     9
Armor: Robe              |     5 |    10 |    39 |       ||    54
       Leather armour    |       |       |    30 |     8 ||    38
Dodge: Dodged            |    29 |    40 |   192 |    11 ||   272
Block: Buckler           |       |       |       |     7 ||     7
